General information
- name: BNet
- type: Ladder team game (AT/RT)
- host: Battle.net
- saver: UhOhNapTime
map: DragonFalls
- players: 8
- length: 46:41
- speed: Fast
- version: 1.26 W3XP
- replay type: Public
» download(243 KB)
Players
team 1 (winner)
JONNY-TRUE-LOVE (
orange | 55 APM | 2099 actions | 38:23)
6 Goblin Tinker
3 Pocket Factory
2 Engineering Upgrade
1 Robo-Goblin
4 Naga Sea Witch
2 Frost Arrows
2 Forked Lightning
» actions
| Assign group hotkey | 142 | |
| Basic commands | 59 | |
| Build / train | 121 | |
| Enter build submenu | 24 | |
| Enter hero's abilities submenu | 11 | |
| Give item / drop item | 6 | |
| Right click | 753 | |
| Select / deselect | 353 | |
| Select group hotkey | 535 | |
| Use ability | 95 | |
2099 total
» units
| Wisp | 20 | |
| Archer | 19 | |
| Dryad | 3 | |
| Chimaera | 3 | |
| Green Dragon | 1 | |
| Hippogryph | 10 | |
| Dragonhawk Rider | 7 | |
| Gryphon Rider | 6 | |
69 total
» upgrades
| Moon Armor | 3 | |
| Strength of the Wild | 3 | |
| Improved Bows | 1 | |
| Abolish Magic | 1 | |
| Strength of the Moon | 3 | |
| Marksmanship | 1 | |
| Corrosive Breath | 2 | |
| Reinforced Hides | 3 | |
17 total
» buildings
| Ancient of War | 2 | |
| Moon Well | 8 | |
| Altar of Elders | 1 | |
| Tree of Ages | 2 | |
| Hunter's Hall | 1 | |
| Ancient of Wonders | 1 | |
| Ancient of Lore | 1 | |
| Tree of Life | 2 | |
| Tree of Eternity | 1 | |
| Ancient of Wind | 3 | |
| Chimaera Roost | 4 | |
26 total
» build order
00:11 Ancient of War
00:14 Moon Well
00:37 Altar of Elders
01:08 Moon Well
01:41 Ancient of War
01:55 Moon Well
03:10 Tree of Ages
03:10 Tree of Ages
03:55 Moon Well
05:43 Hunter's Hall
05:47 Ancient of Wonders
05:53 Moon Well
05:55 Moon Well
06:51 Ancient of Lore
07:01 Tree of Life
07:35 Tree of Eternity
09:56 Ancient of Wind
12:04 Chimaera Roost
12:07 Chimaera Roost
12:10 Chimaera Roost
12:16 Chimaera Roost
20:19 Moon Well
20:32 Moon Well
23:30 Tree of Life
26:05 Ancient of Wind
26:14 Ancient of Wind
» items
| Healing Salve | 1 | |
| Scroll of Healing | 5 | |
| Scroll of Protection | 3 | |
| Scroll of Town Portal | 3 | |
| Potion of Healing | 2 | |
| Dust of Appearance | 1 | |
| Potion of Lesser Invulnerability | 3 | |
18 total
patschnn (
red | 28 APM | 903 actions | 31:59)
4 Blood Mage
2 Flame Strike
2 Siphon Mana
4 Archmage
2 Blizzard
1 Summon Water Elemental
1 Brilliance Aura
» actions
| Basic commands | 3 | |
| Build / train | 84 | |
| Enter build submenu | 39 | |
| Enter hero's abilities submenu | 9 | |
| Give item / drop item | 4 | |
| Remove unit from queue | 4 | |
| Right click | 301 | |
| Select / deselect | 395 | |
| Use ability | 64 | |
903 total
» units
| Peasant | 19 | |
| Knight | 2 | |
| Gryphon Rider | 6 | |
| Furbolg Shaman | 1 | |
| Dragonhawk Rider | 5 | |
33 total
» upgrades
| Masonry | 3 | |
| Lumber Harvesting | 2 | |
| Animal War Training | 1 | |
| Armor | 3 | |
| Swords | 3 | |
| Plating | 2 | |
| Cloud | 1 | |
| Storm Hammers | 1 | |
| Gunpowder | 1 | |
17 total
» buildings
| Farm | 14 | |
| Altar of Kings | 1 | |
| Arcane Vault | 1 | |
| Lumber Mill | 4 | |
| Town Hall | 3 | |
| Keep | 1 | |
| Scout Tower | 3 | |
| Arcane Tower | 1 | |
| Guard Tower | 1 | |
| Castle | 1 | |
| Blacksmith | 1 | |
| Barracks | 1 | |
| Gryphon Aviary | 3 | |
35 total
» build order
01:39 Farm
01:51 Altar of Kings
02:01 Farm
02:08 Arcane Vault
02:48 Farm
04:04 Lumber Mill
04:47 Town Hall
05:15 Keep
05:47 Scout Tower
06:53 Arcane Tower
06:56 Scout Tower
07:28 Guard Tower
07:53 Castle
08:26 Blacksmith
09:42 Barracks
09:47 Gryphon Aviary
10:40 Gryphon Aviary
10:45 Gryphon Aviary
10:57 Farm
12:40 Farm
13:03 Lumber Mill
13:09 Farm
13:22 Farm
13:51 Farm
14:01 Farm
15:17 Farm
16:36 Farm
19:28 Lumber Mill
19:31 Farm
20:12 Farm
20:47 Farm
23:55 Lumber Mill
25:00 Town Hall
29:18 Town Hall
29:41 Scout Tower
30:30 Guard Tower
» items
| Lesser Clarity Potion | 1 | |
| Periapt of Vitality | 1 | |
| Potion of Healing | 2 | |
| Scroll of Regeneration | 5 | |
| Scroll of Town Portal | 4 | |
| Scroll of Healing | 2 | |
| Scroll of Protection | 2 | |
17 total
Re-EaSyAsHeLL (
blue | 34 APM | 1552 actions | 46:00)
3 Blademaster
2 Wind Walk
1 Critical Strike
» actions
| Assign group hotkey | 4 | |
| Basic commands | 278 | |
| Build / train | 57 | |
| ESC pressed | 1 | |
| Enter build submenu | 12 | |
| Enter hero's abilities submenu | 3 | |
| Give item / drop item | 4 | |
| Right click | 877 | |
| Select / deselect | 243 | |
| Select group hotkey | 1 | |
| Use ability | 72 | |
1552 total
» units
» buildings
| Orc Burrow | 3 | |
| Altar of Storms | 1 | |
| Voodoo Lounge | 1 | |
| Great Hall | 3 | |
| War Mill | 1 | |
| Stronghold | 1 | |
| Fortress | 1 | |
| Barracks | 2 | |
13 total
» build order
00:09 Orc Burrow
00:24 Altar of Storms
01:13 Voodoo Lounge
03:44 Great Hall
04:52 War Mill
08:31 Stronghold
10:52 Fortress
23:37 Great Hall
34:00 Great Hall
36:18 Orc Burrow
36:28 Barracks
36:40 Barracks
37:37 Orc Burrow
» items
| Healing Salve | 1 | |
| Lesser Clarity Potion | 3 | |
| Scroll of Speed | 2 | |
| Circlet of Nobility | 4 | |
| Boots of Speed | 1 | |
| Potion of Mana | 2 | |
| Orb of Lightning | 1 | |
| Tiny Great Hall | 1 | |
15 total
Iamechamp (
pink | 105 APM | 4926 actions | 46:41)
7 Archmage
3 Summon Water Elemental
3 Brilliance Aura
1 Mass Teleport
» actions
| Assign group hotkey | 162 | |
| Basic commands | 560 | |
| Build / train | 222 | |
| ESC pressed | 43 | |
| Enter build submenu | 69 | |
| Enter hero's abilities submenu | 7 | |
| Give item / drop item | 7 | |
| Remove unit from queue | 2 | |
| Right click | 1438 | |
| Select / deselect | 514 | |
| Select group hotkey | 1632 | |
| Use ability | 270 | |
4926 total
» units
| Peasant | 22 | |
| Footman | 19 | |
| Goblin Shredder | 7 | |
| Goblin Zeppelin | 8 | |
| Gryphon Rider | 11 | |
| Dragonhawk Rider | 4 | |
| Goblin Sapper | 11 | |
82 total
» upgrades
| Swords | 3 | |
| Lumber Harvesting | 1 | |
| Masonry | 3 | |
| Armor | 3 | |
| Animal War Training | 1 | |
| Cloud | 1 | |
| Storm Hammers | 1 | |
13 total
» buildings
| Altar of Kings | 1 | |
| Barracks | 1 | |
| Farm | 13 | |
| Arcane Vault | 2 | |
| Lumber Mill | 1 | |
| Blacksmith | 1 | |
| Town Hall | 2 | |
| Keep | 1 | |
| Scout Tower | 42 | |
| Guard Tower | 74 | |
| Gryphon Aviary | 4 | |
| Castle | 3 | |
145 total
» build order
01:00 Altar of Kings
01:02 Barracks
01:04 Farm
01:08 Farm
01:24 Farm
02:02 Farm
02:18 Arcane Vault
02:50 Lumber Mill
02:54 Blacksmith
03:28 Farm
04:43 Town Hall
06:50 Keep
07:20 Scout Tower
07:22 Scout Tower
07:27 Town Hall
07:51 Guard Tower
07:51 Guard Tower
07:51 Guard Tower
07:52 Guard Tower
08:28 Guard Tower
08:29 Guard Tower
08:31 Scout Tower
08:32 Scout Tower
08:34 Scout Tower
08:38 Scout Tower
08:59 Guard Tower
08:59 Guard Tower
09:00 Guard Tower
09:00 Guard Tower
09:08 Guard Tower
09:09 Guard Tower
09:09 Guard Tower
09:09 Guard Tower
10:03 Guard Tower
10:03 Guard Tower
10:03 Guard Tower
10:22 Scout Tower
10:55 Guard Tower
10:55 Guard Tower
10:55 Scout Tower
10:57 Scout Tower
10:57 Scout Tower
10:58 Scout Tower
10:59 Scout Tower
11:01 Scout Tower
11:13 Gryphon Aviary
11:14 Gryphon Aviary
11:35 Guard Tower
11:46 Castle
11:46 Castle
11:58 Guard Tower
13:05 Guard Tower
13:05 Guard Tower
13:05 Guard Tower
13:19 Scout Tower
13:20 Scout Tower
13:21 Scout Tower
13:23 Scout Tower
13:26 Scout Tower
14:20 Scout Tower
14:21 Scout Tower
14:22 Scout Tower
14:24 Scout Tower
14:32 Scout Tower
14:33 Scout Tower
14:56 Guard Tower
14:56 Guard Tower
14:57 Guard Tower
14:57 Guard Tower
14:58 Guard Tower
14:58 Guard Tower
14:59 Guard Tower
14:59 Guard Tower
15:04 Scout Tower
15:05 Scout Tower
15:05 Scout Tower
15:06 Scout Tower
15:07 Scout Tower
15:21 Arcane Vault
15:26 Guard Tower
15:26 Guard Tower
15:26 Guard Tower
15:26 Guard Tower
15:59 Scout Tower
15:59 Scout Tower
16:02 Scout Tower
16:03 Scout Tower
16:05 Scout Tower
16:07 Scout Tower
16:09 Scout Tower
16:14 Guard Tower
16:14 Guard Tower
16:14 Guard Tower
17:01 Gryphon Aviary
17:08 Guard Tower
17:08 Guard Tower
17:08 Guard Tower
17:08 Guard Tower
17:09 Guard Tower
17:25 Guard Tower
17:26 Guard Tower
17:26 Guard Tower
17:33 Farm
17:35 Farm
17:38 Farm
17:42 Farm
17:45 Farm
17:46 Farm
18:32 Gryphon Aviary
18:35 Scout Tower
18:39 Scout Tower
18:43 Scout Tower
18:51 Scout Tower
18:51 Scout Tower
18:52 Scout Tower
19:16 Guard Tower
19:16 Guard Tower
19:16 Guard Tower
19:37 Farm
24:25 Guard Tower
24:25 Guard Tower
24:26 Guard Tower
24:26 Guard Tower
45:50 Farm
» items
| Scroll of Regeneration | 5 | |
| Periapt of Vitality | 2 | |
| Scroll of Protection | 2 | |
| Staff of Teleportation | 1 | |
| Scroll of Town Portal | 1 | |
| Potion of Lesser Invulnerability | 1 | |
12 total
team 2 (loser)
Pegword (
purple | 1 APM | 9 actions | 15:22)
WakeUpBastards (
yellow | 87 APM | 3148 actions | 36:18)
5 Dreadlord
2 Sleep
3 Vampiric Aura
4 Death Knight
2 Death Coil
2 Unholy Aura
4 Crypt Lord
2 Impale
2 Spiked Carapace
» actions
| Assign group hotkey | 30 | |
| Basic commands | 13 | |
| Build / train | 122 | |
| ESC pressed | 10 | |
| Enter build submenu | 34 | |
| Enter hero's abilities submenu | 13 | |
| Give item / drop item | 10 | |
| Remove unit from queue | 7 | |
| Right click | 1272 | |
| Select / deselect | 543 | |
| Select group hotkey | 956 | |
| Use ability | 138 | |
3148 total
» units
| Acolyte | 31 | |
| Ghoul | 6 | |
| Crypt Fiend | 8 | |
| Frost Wyrm | 12 | |
| Wisp | 4 | |
61 total
» upgrades
| Creature Attack | 2 | |
| Creature Carapace | 2 | |
| Web | 1 | |
| Freezing Breath | 1 | |
6 total
» buildings
| Crypt | 2 | |
| Altar of Darkness | 2 | |
| Ziggurat | 16 | |
| Graveyard | 2 | |
| Nerubian Tower | 3 | |
| Halls of the Dead | 3 | |
| Necropolis | 3 | |
| Tomb of Relics | 1 | |
| Black Citadel | 2 | |
| Sacrificial Pit | 1 | |
| Boneyard | 2 | |
| Spirit Tower | 7 | |
| Altar of Elders | 1 | |
| Moon Well | 4 | |
| Tree of Ages | 2 | |
51 total
» build order
00:22 Crypt
00:30 Altar of Darkness
00:35 Ziggurat
01:00 Ziggurat
01:41 Graveyard
02:04 Nerubian Tower
02:04 Nerubian Tower
02:32 Ziggurat
05:08 Halls of the Dead
05:08 Halls of the Dead
05:54 Necropolis
06:19 Ziggurat
07:01 Tomb of Relics
07:06 Ziggurat
07:08 Ziggurat
07:09 Ziggurat
07:35 Black Citadel
07:35 Black Citadel
08:43 Sacrificial Pit
10:01 Boneyard
10:01 Boneyard
12:43 Spirit Tower
12:43 Spirit Tower
12:44 Spirit Tower
12:44 Spirit Tower
13:32 Nerubian Tower
16:09 Spirit Tower
16:09 Spirit Tower
20:14 Altar of Elders
20:20 Moon Well
20:20 Moon Well
20:26 Tree of Ages
20:26 Tree of Ages
21:34 Moon Well
21:35 Moon Well
21:55 Necropolis
23:50 Necropolis
25:55 Ziggurat
25:56 Ziggurat
25:58 Ziggurat
27:28 Ziggurat
31:52 Ziggurat
33:32 Crypt
33:34 Halls of the Dead
33:40 Graveyard
33:43 Altar of Darkness
33:45 Ziggurat
33:46 Ziggurat
33:50 Ziggurat
33:51 Ziggurat
» items
| Healing Salve | 4 | |
| Scroll of Speed | 4 | |
| Orb of Lightning | 1 | |
| Orb of Corruption | 1 | |
| Potion of Healing | 2 | |
| Potion of Mana | 1 | |
| Dust of Appearance | 1 | |
| Scroll of Town Portal | 3 | |
| Scroll of Healing | 1 | |
| Lesser Clarity Potion | 1 | |
19 total
UhOhNapTime (
green | 38 APM | 1779 actions | 46:41)
7 Blademaster
3 Wind Walk
3 Critical Strike
1 Bladestorm
» actions
| Assign group hotkey | 14 | |
| Basic commands | 29 | |
| Build / train | 71 | |
| Enter build submenu | 72 | |
| Enter hero's abilities submenu | 7 | |
| Give item / drop item | 6 | |
| Right click | 798 | |
| Select / deselect | 400 | |
| Select group hotkey | 145 | |
| Use ability | 237 | |
1779 total
» units
| Peon | 10 | |
| Grunt | 4 | |
| Goblin Shredder | 3 | |
| Goblin Zeppelin | 2 | |
| Goblin Sapper | 4 | |
| Troll Batrider | 9 | |
| Green Dragon | 2 | |
34 total
» upgrades
| Reinforced Defenses | 1 | |
| Ranged Weapons | 1 | |
| Armor | 1 | |
3 total
» buildings
| Orc Burrow | 7 | |
| Altar of Storms | 2 | |
| Barracks | 1 | |
| War Mill | 3 | |
| Voodoo Lounge | 2 | |
| Stronghold | 2 | |
| Great Hall | 3 | |
| Fortress | 1 | |
| Watch Tower | 49 | |
| Beastiary | 3 | |
73 total
» build order
00:11 Orc Burrow
00:54 Altar of Storms
00:55 Barracks
01:07 Orc Burrow
02:07 War Mill
02:23 Voodoo Lounge
03:38 Stronghold
04:14 Orc Burrow
05:55 Great Hall
07:06 Fortress
07:20 Watch Tower
07:21 Watch Tower
07:21 Watch Tower
07:22 Watch Tower
07:28 Watch Tower
07:28 Watch Tower
07:30 Watch Tower
07:54 Voodoo Lounge
08:39 Watch Tower
09:40 Watch Tower
09:40 Watch Tower
09:41 Watch Tower
10:29 Watch Tower
10:30 Watch Tower
10:30 Watch Tower
10:32 Watch Tower
10:32 Watch Tower
10:33 Watch Tower
10:39 Watch Tower
10:41 Watch Tower
12:01 Watch Tower
12:01 Watch Tower
12:02 Watch Tower
12:05 Watch Tower
12:06 Watch Tower
12:07 Watch Tower
12:08 Watch Tower
13:16 Beastiary
13:18 Beastiary
13:20 Beastiary
13:30 Watch Tower
13:33 Watch Tower
13:36 Watch Tower
13:39 Watch Tower
16:03 Watch Tower
16:04 Watch Tower
16:07 Watch Tower
16:08 Watch Tower
16:34 Stronghold
17:37 Watch Tower
17:38 Watch Tower
17:39 Watch Tower
17:39 Watch Tower
17:43 Watch Tower
17:46 War Mill
18:46 Orc Burrow
18:47 Orc Burrow
18:49 Orc Burrow
18:53 Orc Burrow
26:06 Watch Tower
26:06 Watch Tower
26:07 Watch Tower
26:07 Watch Tower
26:07 Watch Tower
28:00 Altar of Storms
29:29 Watch Tower
29:29 Watch Tower
29:30 Watch Tower
29:31 Watch Tower
29:33 Watch Tower
32:56 War Mill
38:09 Great Hall
42:22 Great Hall
» items
| Healing Salve | 7 | |
| Lesser Clarity Potion | 5 | |
| Orb of Lightning | 1 | |
| Scroll of Town Portal | 2 | |
| Boots of Speed | 1 | |
| Staff of Teleportation | 1 | |
| Potion of Healing | 3 | |
| Potion of Mana | 3 | |
23 total

»
Girmish6969 (
teal | 10 APM | 398 actions | 38:13)
1 Dreadlord
1 Vampiric Aura
» actions
| Basic commands | 10 | |
| Build / train | 59 | |
| Enter build submenu | 14 | |
| Enter hero's abilities submenu | 1 | |
| Remove unit from queue | 13 | |
| Right click | 69 | |
| Select / deselect | 219 | |
| Use ability | 12 | |
398 total
» units
| Acolyte | 17 | |
| Ghoul | 8 | |
| Crypt Fiend | 2 | |
| Wisp | 5 | |
| Archer | 7 | |
| Huntress | 1 | |
40 total
» upgrades
| Cannibalize | 1 | |
| Unholy Strength | 1 | |
| Unholy Armor | 1 | |
3 total
» buildings
| Altar of Darkness | 1 | |
| Crypt | 1 | |
| Graveyard | 2 | |
| Ziggurat | 2 | |
| Spirit Tower | 2 | |
| Ancient of War | 1 | |
| Moon Well | 3 | |
| Hunter's Hall | 1 | |
13 total
» build order
00:16 Altar of Darkness
00:48 Crypt
00:59 Graveyard
01:23 Graveyard
01:40 Ziggurat
01:56 Ziggurat
03:02 Spirit Tower
03:12 Spirit Tower
16:26 Ancient of War
18:35 Moon Well
19:33 Moon Well
19:46 Hunter's Hall
20:52 Moon Well
Chat log
(03:04 / Allies) WakeUpBastards: and teal is noob....
(03:05 / Allies) WakeUpBastards: lol
(05:05 / Allies) UhOhNapTime: teal
(05:08 / Allies) UhOhNapTime: why are you not getting lumber
(05:27 / Allies) WakeUpBastards: teal go play campaign first
(05:36 / Allies) Girmish6969: i have
(05:40 / Allies) WakeUpBastards: u suck
(05:43 / Allies) Girmish6969: ive beat it
(05:58 / Allies) WakeUpBastards: amke fiends
(06:00 / Allies) WakeUpBastards: and tech
(08:03 / All) JONNY-TRUE-LOVE: gg
(08:08 / All) JONNY-TRUE-LOVE: leave pleae you wasting my time
(08:33 / Allies) WakeUpBastards: come green
(08:53 / All) WakeUpBastards: lol teal and purp
(08:57 / All) WakeUpBastards: best team ever right
(09:29 / All) JONNY-TRUE-LOVE: gg
(09:45 / Allies) WakeUpBastards: come
(09:51 / All) UhOhNapTime: dfs;koasdkjf
(10:13 / Allies) WakeUpBastards: green
(10:18 / Allies) WakeUpBastards: amke shamans taurnes
(10:35 / All) Iamechamp: Dude yellow just fuck off and hit elsewhere
(10:53 / All) JONNY-TRUE-LOVE: yellows a noob
(12:57 / Allies) WakeUpBastards: lol green
(12:59 / Allies) WakeUpBastards: amke units
(13:08 / Allies) UhOhNapTime: I will
(13:11 / Allies) UhOhNapTime: gotta secure expo
(13:48 / All) Iamechamp: Go away retard noob yellow
(13:56 / All) WakeUpBastards: im the noob
(13:59 / All) WakeUpBastards: 2vs4 game
(14:04 / All) WakeUpBastards: and u havent won
(14:05 / All) Iamechamp: you don't even know what you're doing
(14:06 / All) Re-EaSyAsHeLL: 3vs4
(14:08 / Allies) WakeUpBastards: 30 min already....
(14:16 / All) WakeUpBastards: u count teal as 1?
(14:16 / All) JONNY-TRUE-LOVE: we havent won cause u havent left
(14:17 / All) WakeUpBastards: lol
(14:20 / All) JONNY-TRUE-LOVE: we need to kill the buildings
(14:27 / All) Re-EaSyAsHeLL: im sorry
(14:29 / All) Re-EaSyAsHeLL: 2v3
(14:49 / Allies) Girmish6969: can someone come finish me of
(14:59 / All) JONNY-TRUE-LOVE: ok,..
(15:04 / Allies) Girmish6969: off woopsy
(15:15 / All) UhOhNapTime: sigh
(15:29 / All) WakeUpBastards: purp is back :D
(15:34 / Allies) UhOhNapTime: cocksucker didn't even give resource
(17:14 / All) WakeUpBastards: red u saved the noob oj
(17:17 / All) WakeUpBastards: good job =)
(17:21 / All) JONNY-TRUE-LOVE: how he saved me
(17:22 / All) JONNY-TRUE-LOVE: LOl
(21:14 / Allies) WakeUpBastards: b
(21:15 / Allies) WakeUpBastards: bm
(21:17 / Allies) WakeUpBastards: back
(23:01 / Allies) WakeUpBastards: mass bats pls
(24:05 / Allies) WakeUpBastards: more burrows
(25:07 / All) JONNY-TRUE-LOVE: pink killing us
(25:08 / All) JONNY-TRUE-LOVE: Lol
(25:18 / All) WakeUpBastards: cuz u suck :D
(25:43 / All) WakeUpBastards: shouldd won 20 min ago
(27:41 / All) WakeUpBastards: ...
(27:55 / All) JONNY-TRUE-LOVE: was afk ordered chineese lol
(28:02 / All) WakeUpBastards: share =)
(28:07 / All) JONNY-TRUE-LOVE: :)
(28:08 / All) Iamechamp: what'd you order
(28:11 / All) Iamechamp: chinese food owns
(28:20 / All) Re-EaSyAsHeLL: afk food time
(28:25 / All) JONNY-TRUE-LOVE: 2 eggros wuntn soup pork frien rice with chiekken wings
(28:31 / All) JONNY-TRUE-LOVE: that usually hits the spot for me
(28:42 / All) JONNY-TRUE-LOVE: its cheap 2
(29:11 / Allies) WakeUpBastards: more towers
(30:04 / All) Iamechamp: Orange just called me a pig
(30:10 / All) Iamechamp: my allies are rude as fuck
(30:26 / All) patschnn: BECAUSE THATS WHAT YOU ARE YOU IDIOT
(30:26 / All) UhOhNapTime: that dumbass attack moved bats with hippos
(30:47 / All) UhOhNapTime: He got a couple bats or so because I wasn't paying attention
(30:59 / Allies) WakeUpBastards: wood pls
(31:38 / All) Iamechamp: Alright everyone listen up
(31:50 / All) Iamechamp: Green and I were in this together, we are going to kill EVERYTHING including our own units
(31:56 / All) Iamechamp: Both teams will have 0 food and no way to build and attack
(32:02 / All) Iamechamp: The last one to leave will leave victorious sound fair?
(32:19 / All) WakeUpBastards: hahahahahaha
(32:26 / All) Iamechamp: Yellow after I kill everything will you leave your PC on all night?
(32:31 / All) Iamechamp: I'm coming to rape your bases and army right now
(33:08 / Allies) Girmish6969: how do you give resources
(33:18 / Allies) WakeUpBastards: f11
(34:01 / All) WakeUpBastards: Wtf
(34:04 / All) WakeUpBastards: we had a deal
(34:07 / All) WakeUpBastards: kill ur self
(34:09 / All) Iamechamp: I told you the rules
(34:23 / Allies) Girmish6969: cant you just give your supplies
(34:33 / All) Iamechamp: thanks for the unsummon, makes it easy
(34:41 / All) WakeUpBastards: ur welcome ;D
(34:44 / All) WakeUpBastards: u must be tired
(34:47 / All) Iamechamp: you will stay for the standoff then?
(35:05 / Allies) WakeUpBastards: more towers
(35:20 / All) WakeUpBastards: best game ever
(35:22 / All) WakeUpBastards: Lol
(35:48 / Allies) WakeUpBastards: lol
(36:30 / All) UhOhNapTime: should just let teal win
(36:35 / All) UhOhNapTime: he is complete and utter retard noob
(36:42 / All) Iamechamp: yeah my team has to lose
(37:04 / Allies) Girmish6969: oh yeah great thanks ive only played with bots
(37:26 / All) JONNY-TRUE-LOVE: wtf let heroes live
(37:33 / All) Iamechamp: You lose
(37:34 / All) JONNY-TRUE-LOVE: not a man of word
(37:36 / All) JONNY-TRUE-LOVE: thats no good
(37:50 / All) Iamechamp: I let you keep them while I could
(37:51 / All) JONNY-TRUE-LOVE: ok gg then
(37:55 / All) Iamechamp: but now my team loses
(37:57 / All) Iamechamp: and I kill everything
(37:59 / All) JONNY-TRUE-LOVE: waiting for food bout watch a movie
(38:01 / All) JONNY-TRUE-LOVE: gg guys
(38:05 / All) Iamechamp: what movie
(38:16 / All) JONNY-TRUE-LOVE: ye lol gg helps my serch either way
(38:18 / All) JONNY-TRUE-LOVE: peace homies
(39:05 / All) UhOhNapTime: indycars on
(39:08 / All) Iamechamp: blue is still trying
(39:13 / All) Iamechamp: he was making demos lawl
(39:15 / All) Iamechamp: and had a bm
(39:21 / All) Iamechamp: yea that's gonna work
(40:30 / All) UhOhNapTime: blue sux with bm
(44:26 / All) UhOhNapTime: indycar owns
(44:33 / All) Iamechamp: not sure what that is
(44:39 / All) UhOhNapTime: it's like F1 a lot
(44:42 / All) UhOhNapTime: but not as high tech
(44:53 / All) UhOhNapTime: and the cars are kind of uniform
(45:05 / All) UhOhNapTime: in F1 Mercedes completely dominates right now
(45:28 / All) UhOhNapTime: so there's only 2 cars and the same 2 cars that are competitive every race
(45:43 / All) UhOhNapTime: they typically place 1 and 2 every single race just because of their car
(46:08 / All) UhOhNapTime: stats
(46:09 / All) Iamechamp: who loses?
(46:12 / All) Iamechamp: k
(46:17 / All) Iamechamp: Orange 68-58
(46:19 / All) UhOhNapTime: yellow is 11-1
(46:22 / All) Iamechamp: Red 7-6
(46:29 / All) UhOhNapTime: plus he got lucky that other agme
(46:31 / All) Iamechamp: Blue 6-5
(46:36 / All) Iamechamp: yellow lose I think
(46:39 / All) UhOhNapTime: Yellow can get the loss
(46:40 / All) UhOhNapTime: yeah